 Dungeon Crawl Stone Soup version 0.20.1-1-g8b1a95d (webtiles) character file.

573 Linguinho the Sneak (level 7, -4/33 HPs)
             Began as a Spriggan Enchanter on Oct 31, 2017.
             Was an Initiate of Dithmenos.
             Splashed by a jelly's acid (10 damage)
             ... on level 5 of the Dungeon.
             The game lasted 00:14:12 (3770 turns).

Linguinho the Sneak (Spriggan Enchanter)            Turns: 3770, Time: 00:14:14

Health: -4/33      AC: -2    Str:  4    XL:     7   Next: 12%
Magic:  1/15       EV: 18    Int: 17    God:    Dithmenos [......]
Gold:   136        SH:  0    Dex: 18    Spells: 7/16 levels left

rFire    . . .     SeeInvis +   w - +2 dagger (venom) (curse)
rCold    . . .     Gourm    .   (shield restricted)
rNeg     . . .     Faith    .   b - +0 robe
rPois    +         Spirit   .   (helmet restricted)
rElec    .         Reflect  .   (no cloak)
rCorr    .         Harm     .   (gloves unavailable)
MR       +....                  (boots unavailable)
Stlth    +++.......             (no amulet)
Regen    0.2/turn               j - ring of wizardry (curse)
MPRegen  0.2/turn               o - ring of poison resistance

@: corroded, very quick
A: unfitting armour, see invisible, herbivore 3, speed 3, slow metabolism 2
a: Renounce Religion


You were on level 5 of the Dungeon.
You worshipped Dithmenos.
Dithmenos was noncommittal.
You were near starving.

You visited 2 branches of the dungeon, and saw 6 of its levels.

You collected 136 gold pieces.

Inventory:

Hand Weapons
 w - a cursed +2 dagger of venom (weapon)
Armour
 b - a +0 robe (worn)
Jewellery
 j - a cursed ring of wizardry (left hand)
 o - a ring of poison resistance (right hand)
 q - an uncursed ring of positive energy
Scrolls
 a - 2 scrolls of remove curse
 e - a scroll of teleportation {unknown}
 k - 5 scrolls of identify {unknown}
 m - a scroll of enchant armour {unknown}
 r - 2 scrolls of immolation {unknown}
 s - a scroll of noise {unknown}
 v - a scroll of blinking {unknown}
Potions
 h - 2 potions of brilliance {unknown}
 i - a potion of degeneration {unknown}
 l - a potion of haste {unknown}
 n - a potion of cancellation {unknown}
 p - a potion of flight {unknown}
 t - a potion of agility {unknown}
 u - 4 potions of lignification {unknown}
 x - a potion of curing {unknown}
Books
 c - a book of Maledictions

   Spells                             Type                      Level
   a - Corona                         Hexes                        1
   b - Ensorcelled Hibernation        Hexes/Ice                    2
   c - Confuse                        Hexes                        3
   d - Tukima's Dance                 Hexes                        3
   e - Dazzling Spray                 Conjuration/Hexes            3
Comestibles
 d - 4 bread rations
 f - 4 royal jellies
 g - 3 fruits


   Skills:
 + Level 1.2(0.6) Fighting
 + Level 3.2(1.6) Short Blades
 + Level 4.6(2.3) Dodging
 + Level 7.2(3.6) Stealth
 + Level 5.2(2.6) Spellcasting
 + Level 4.9(2.4) Hexes
 + Level 1.2(0.6) Ice Magic


You had 7 spell levels left.
You knew the following spells:

 Your Spells              Type           Power        Failure   Level  Hunger
a - Corona                Hex            ##.....      2%          1    #......
b - Ensorcelled Hibernat  Hex/Ice        #.....       6%          2    ##.....
c - Confuse               Hex            ##......     9%          3    ###....
d - Tukima's Dance        Hex            ##......     9%          3    ###....


Dungeon Overview and Level Annotations

Branches:
Dungeon (5/15)             Temple (1/1) D:4

Altars:
Ashenzari
Cheibriados
Dithmenos
Elyvilon
Fedhas
Gozag
Hepliaklqana
Kikubaaqudgha
Makhleb
Nemelex Xobeh
Okawaru
Sif Muna
Uskayaw
Vehumet
Xom
Yredelemnul
Zin
The Shining One
Lugonu


Innate Abilities, Weirdness & Mutations

You are very small and have problems with some larger weapons.
You are too small for most types of armour.
You have supernaturally acute eyesight. (SInv)
You are a herbivore.
You cover ground extremely quickly.
You need consume almost no food.


Message History

Press: ? - help, Shift-Dir - straight line, f/p - jelly
Aim: a jelly (lightly wounded, chance to defeat MR: 48%)
The jelly resists with some effort.
The jelly completely misses you. The jelly barely misses you.
Casting: Ensorcelled Hibernation
Confirm with . or Enter, or press ? or * to list all spells.
Aiming: Ensorcelled Hibernation
Press: ? - help, Shift-Dir - straight line, f/p - jelly
Aim: a jelly (lightly wounded, chance to defeat MR: 48%)
The jelly looks drowsy...
The hound zombie closely misses you.
The jelly quivers.
You hit the jelly.
Your hands burn!
* * * LOW HITPOINT WARNING * * *
The jelly is moderately wounded.
The jelly hits you.
* * * LOW HITPOINT WARNING * * *
The acid corrodes you!
You are splashed with acid!
The acid burns!
You die...

##...# ##.....#. ....
#>....... .... #.......
..... #....... #####
..... ##.....######...##
......
#...(.....†<.J@..##......
#.......###..Z........(..
#.......# #..............
##.....####..............
##.Z.####....>....#.....
#.###....#.....#..#....
#. .###.......#...... Z #
#........../.... ..
#....(.....##....


You could see a jelly and a hound zombie.

Vanquished Creatures
  2 ice beasts
  A scorpion (D:4)
  A jelly (D:2)
  2 hounds
  Jessica (D:2)
  2 worker ants (D:5)
  A hound skeleton (D:4)
  2 adders
  A shadow imp (D:5)
  10 oozes
  An adder skeleton (D:4)
  A worm (D:3)
  2 dart slugs (D:4)
  2 leopard geckos
  4 orcs (D:3)
  2 giant cockroaches
  7 hobgoblins
  5 jackals
  2 quokkas
  A ball python (D:2)
  7 bats
  6 frilled lizards
  7 goblins
  13 kobolds
  A leopard gecko skeleton (D:4)
  4 rats
88 creatures vanquished.

Vanquished Creatures (others)
  6 toadstools (D:2)
6 creatures vanquished.

Grand Total: 94 creatures vanquished

Notes
Turn   | Place    | Note
-------+----------+-------------------------------------------
     0 | D:1      | Linguinho the Spriggan Enchanter began the quest for the Orb.
     0 | D:1      | Reached XP level 1. HP: 9/9 MP: 5/5
   213 | D:1      | Reached XP level 2. HP: 13/13 MP: 6/6
   217 | D:1      | Learned a level 2 spell: Ensorcelled Hibernation
   770 | D:2      | Noticed Jessica
   772 | D:2      | Killed Jessica
   772 | D:2      | Reached skill level 5 in Stealth
   772 | D:2      | Reached XP level 3. HP: 14/17 MP: 8/8
   926 | D:2      | Found a shattered altar of Ashenzari.
  1314 | D:2      | Became a worshipper of Ashenzari the Shackled
  1501 | D:2      | Reached XP level 4. HP: 12/21 MP: 7/10
  1872 | D:2      | Noticed an ice beast
  1895 | D:2      | Learned a level 3 spell: Confuse
  1899 | D:2      | Learned a level 3 spell: Tukima's Dance
  1957 | D:2      | Killed an ice beast
  1957 | D:2      | Reached XP level 5. HP: 25/25 MP: 8/12
  2187 | D:3      | Found a blossoming altar of Fedhas.
  2188 | D:3      | Found a white marble altar of Elyvilon.
  2188 | D:3      | Found a glowing silver altar of Zin.
  2189 | D:3      | Found an iron altar of Okawaru.
  2291 | D:3      | Noticed an ice beast
  2303 | D:3      | Found a hide-covered altar of Uskayaw.
  2340 | D:3      | Killed an ice beast
  2340 | D:3      | Reached skill level 1 in Fighting
  2340 | D:3      | Reached skill level 6 in Stealth
  2340 | D:3      | Reached XP level 6. HP: 30/30 MP: 9/14
  2527 | D:3      | Found a deep blue altar of Sif Muna.
  2543 | D:3      | Reached skill level 5 in Spellcasting
  2836 | D:4      | Found a staircase to the Ecumenical Temple.
  2846 | D:4      | Reached skill level 1 in Ice Magic
  2858 | Temple   | Entered the Ecumenical Temple
  2942 | Temple   | Fell from the grace of Ashenzari
  2942 | Temple   | Became a worshipper of Dithmenos the Shadowed
  3706 | D:5      | Entered Level 5 of the Dungeon
  3741 | D:5      | Reached skill level 7 in Stealth
  3741 | D:5      | Reached XP level 7. HP: 23/33 MP: 10/15
  3770 | D:5      | Splashed by a jelly's acid

Skill      XL: |  1  2  3  4  5  6 |
---------------+-------------------+-----
Spellcasting   | 3 4 5 |  5.2
Stealth        | 5 6 7 |  7.2
Hexes          | 4 |  4.9
Dodging        | 4 |  4.6
Short Blades   | 2 3 |  3.2
Fighting       | 1 |  1.2
Ice Magic      | 1 |  1.2

Action                   |  1- 3 |  4- 6 |  7- 9 || total
-------------------------+-------+-------+-------++-------
Melee: Dagger            |    82 |   151 |     5 ||   238
       Short sword       |    28 |       |       ||    28
 Cast: Corona            |    14 |     5 |       ||    19
       Ensorcelled Hiber |     6 |    13 |     6 ||    25
       Confuse           |       |     4 |       ||     4
Invok: Curse Item        |       |     2 |       ||     2
 Stab: Sleeping          |     6 |    15 |     2 ||    23
       Distracted        |     1 |     1 |       ||     2
       Confused          |       |     5 |       ||     5
Armor: Robe              |     9 |     9 |       ||    18
Dodge: Dodged            |    99 |   114 |     5 ||   218
